 Dungeon Crawl Stone Soup version 0.20-a0-760-g49f5558 (webtiles) character file.

254 polly the Slasher (level 5, 0/41 HPs)
             Began as a Demonspawn Gladiator on Feb 25, 2017.
             Succumbed to an orc wizard's poison
             ... on level 4 of the Dungeon.
             The game lasted 00:03:58 (2473 turns).

polly the Slasher (Demonspawn Gladiator)            Turns: 2473, Time: 00:03:58

Health: 0/41       AC: 16    Str: 15    XL:     5   Next: 91%
Magic:  5/5        EV:  4    Int: 10    God:
Gold:   333        SH:  5    Dex: 14    Spells: 4/4 levels left

rFire    . . .     SeeInvis .   a - +0 long sword
rCold    . . .     Gourm    .   s - +0 plate armour
rNeg     . . .     Faith    .   v - +2 buckler
rPois    .         Spirit   .   c - +0 helmet
rElec    .         Reflect  .   p - +2 cloak
rCorr    .         Harm     .   (no gloves)
MR       .....                  (no boots)
Stlth    ..........             (no amulet)
Regen    0.2/turn               (no ring)
MPRegen  0.1/turn               (no ring)

@: lethally poisoned (0 -> -8), slowed, very slow
A: icy blue scales 1
a: no special abilities


You were on level 4 of the Dungeon.
You were not hungry.

You visited 1 branch of the dungeon, and saw 4 of its levels.

You collected 333 gold pieces.

Inventory:

Hand Weapons
 a - a +0 long sword (weapon)
Missiles
 d - 2 throwing nets (quivered)
Armour
 c - a +0 helmet (worn)
 p - a +2 cloak (worn)
 s - a +0 plate armour (worn)
 v - a +2 buckler (worn)
Wands
 t - a wand of iceblast (11/15)
Scrolls
 e - 4 scrolls of identify {unknown}
 g - a scroll of recharging {unknown}
 h - a scroll of blinking {unknown}
 k - a scroll of magic mapping {unknown}
 n - 4 scrolls of teleportation {unknown}
 o - a scroll of remove curse {unknown}
 q - 2 scrolls of random uselessness {unknown}
Potions
 b - a potion of heal wounds {unknown}
 i - a potion of agility {unknown}
 w - a potion of cancellation {unknown}
 x - a potion of lignification {unknown}
Books
 r - a book of Minor Magic

   Spells                             Type                      Level
   a - Magic Dart                     Conjuration                  1
   b - Blink                          Translocation                2
   c - Call Imp                       Summoning                    2
   d - Slow                           Hexes                        2
   e - Conjure Flame                  Conjuration/Fire             3
   f - Mephitic Cloud                 Conjuration/Poison/Air       3
 u - a book of Maledictions

   Spells                             Type                      Level
   a - Corona                         Hexes                        1
   b - Ensorcelled Hibernation        Hexes/Ice                    2
   c - Confuse                        Hexes                        3
   d - Tukima's Dance                 Hexes                        3
   e - Dazzling Spray                 Conjuration/Hexes            3
Comestibles
 f - 2 bread rations
 j - 3 meat rations
 l - a royal jelly


   Skills:
 + Level 3.1 Fighting
 + Level 4.6 Long Blades
 + Level 2.1 Throwing
 + Level 1.6 Armour
 + Level 3.3 Dodging


You had 4 spell levels left.
You didn't know any spells.

Dungeon Overview and Level Annotations

Branches:
Dungeon (4/15)
 Temple: D:4-7

Altars:
Ashenzari

Shops:
D:4 :([


Innate Abilities, Weirdness & Mutations

You are partially covered in icy blue scales. (AC +2)


Message History

You are poisoned.
The orc wizard hits you but does no damage.
You are more poisoned.
* * * LOW HITPOINT WARNING * * *
You feel sick.
The orc wizard gestures wildly while chanting.
The orc wizard blinks!
The orc priest hits you with a war axe!
* * * LOW HITPOINT WARNING * * *
* * * LOW HITPOINT WARNING * * *
You feel sick.
An orc comes into view. It is wielding a dagger of protection.
You barely miss the orc priest.
* * * LOW HITPOINT WARNING * * *
You feel sick.
The orc shouts!
The orc priest hits you but does no damage.
The orc priest looks encouraged for a moment.
The orc priest hits you but does no damage.
You hit the orc priest but do no damage.
You die...

....# #...#.# ###.#
#.###.# #.## ##.#
#># #..####
#..###.##
#.....###.......#
#..##...........#
#...............#
#.....####...###o##
...##.. #...# #@#
#.. #### #...###o#
..# #...##.o# ##
..####>## ##.. #o#
### #..# #.## #. #.


You could see 2 orc priests, an orc wizard and an orc.

Vanquished Creatures
  Sigmund (D:3)
  6 adders
  2 worms
  2 dart slugs (D:1)
  3 leopard geckos
  A ball python (D:3)
  6 goblins
  4 hobgoblins
  3 kobolds (D:1)
  3 quokkas
  9 bats
  A frilled lizard (D:3)
  6 rats
47 creatures vanquished.

Notes
Turn   | Place    | Note
-------+----------+-------------------------------------------
     0 | D:1      | polly the Demonspawn Gladiator began the quest for the Orb.
     0 | D:1      | Reached XP level 1. HP: 16/16 MP: 1/1
   222 | D:1      | Gained mutation: You are partially covered in icy blue scales. (AC +2) [demonic ancestry]
   222 | D:1      | Reached XP level 2. HP: 15/22 MP: 2/2
   268 | D:1      | Reached skill level 3 in Long Blades
   949 | D:2      | Reached XP level 3. HP: 27/27 MP: 3/3
  1190 | D:2      | Found a shattered altar of Ashenzari.
  1334 | D:3      | Reached XP level 4. HP: 22/34 MP: 4/4
  1485 | D:3      | Found a faded altar of an unknown god.
  1505 | D:3      | Noticed Sigmund
  2013 | D:3      | Killed Sigmund
  2013 | D:3      | Reached skill level 4 in Long Blades
  2013 | D:3      | Reached skill level 1 in Armour
  2013 | D:3      | Reached XP level 5. HP: 38/41 MP: 5/5
  2323 | D:4      | Found Plog's Book Boutique.
  2381 | D:4      | Found Yshreoxu's Weapon Shop.
  2381 | D:4      | Found Cujejoasm's Antique Armour Shoppe.
  2471 | D:4      | HP: 2/41 [poisoned by an orc wizard]
  2473 | D:4      | Succumbed to an orc wizard's poison

Vault maps used:
D:1:      dpeg_arrival_refuge
D:2:      evilmike_ruin_ashenzari
D:3:      chequers_ecumenical_altar_island, uniq_sigmund
D:4:      kennysheep_slug_shrine, nicolae_overflow_hidden_temple, serial_shops,
          shop, shop_coins, nicolae_shop_competitors_out_of_business,
          kennysheep_mini, nicolae_shop_temple_entry_statues_fountains,
          first_bread, grunt_gozag_statues

Skill      XL: |  1  2  3  4 |
---------------+-------------+-----
Throwing       | 2 |  2.1
Long Blades    | 3 4 |  4.6
Dodging        | 3 |  3.3
Fighting       | 3 |  3.1
Armour         | 1 |  1.6

Action                   |  1- 3 |  4- 6 || total
-------------------------+-------+-------++-------
Melee: Long sword        |    97 |    54 ||   151
Throw: Throwing net      |       |     2 ||     2
  Use: Potion            |       |     2 ||     2
  Eat: Chunk             |     1 |     4 ||     5
Armor: Leather armour    |    32 |    13 ||    45
       Plate armour      |       |    12 ||    12
Dodge: Dodged            |    72 |    28 ||   100
Block: Buckler           |       |     8 ||     8
       Rpst.: Long sword |    24 |     5 ||    29
